Map: Torches LE

Players

IlIlIlIlIlII

  • Race: Terran Terran
  • League: Diamond
  • Spawn Location: 1:00

rnjsgusdyd - Winner!

  • Race: Protoss Protoss
  • League: Diamond
  • Spawn Location: 5:00

VOD

Have the link to the VOD?

Description

Time

  • Played on: July 26, 2025, 2:31 p.m.
  • Length: 13:12
Show
View Real Time Build Order
Export as new Build Order

IlIlIlIlIlII Terran 

Build Orders:  

Get SALT Encoding   

  12  0:10  Supply Depot  
  12  0:12  SCV  
  13  0:24  SCV  
  14  0:33  Barracks  
  14  0:37  SCV  
  15  0:49  SCV  
  15  1:01  SCV  
  16  1:13  SCV  
  17  1:25  Marine  
  18  1:34  Command Center  
  18  1:47  Marine  
  18  1:48  Orbital Command  
  19  1:54  Barracks  
  19  2:05  Marine  
  19  2:06  Barracks  
  20  2:13  SCV  
  21  2:24  Marine  
  21  2:27  SCV  
  23  2:41  Command Center  
  23  2:46  Marine  
  23  2:51  Orbital Command  
  24  2:54  Marine  
  24  2:57  Marine  
  26  2:59  SCV  
  27  3:05  Engineering Bay  
  27  3:07  Marine  
  27  3:11  SCV  
  29  3:14  Marine  
  29  3:18  Marine  
  29  3:19  SCV  
  32  3:23  SCV  
  33  3:27  Marine  
  33  3:31  SCV  
  33  3:32  Missile Turret  
  35  3:35  Marine, SCV  
  35  3:44  SCV  
  35  3:48  SCV  
  30  3:56  SCV  
  30  3:58  Orbital Command  
  30  4:00  Missile Turret  
  31  4:03  SCV  
  32  4:21  SCV x2  
  34  4:33  SCV x2  
  34  4:37  Marine, SCV  
  34  4:38  Marine x2  
  41  4:45  SCV x2  
  41  4:49  SCV  
  41  4:52  Missile Turret  
  35  4:56  Marine x2  
  35  4:57  Marine, SCV  
  35  4:58  SCV  
  39  5:04  Missile Turret  
  39  5:05  Missile Turret  
  39  5:09  Missile Turret  
  39  5:10  Barracks  
  39  5:11  Barracks  
  39  5:13  SCV x3  
  42  5:14  Marine x2  
  42  5:17  Marine  
  45  5:29  SCV  
  45  5:30  SCV x2  
  45  5:32  Marine x2  
  50  5:38  Marine  
  50  5:41  SCV  
  52  5:45  Barracks  
  52  5:48  SCV  
  52  5:49  Barracks x3  
  53  5:56  Marine  
  53  6:07  Marine x2, SCV  
  53  6:10  Supply Depot, Marine x2  
  53  6:11  Supply Depot  
  58  6:20  Supply Depot  
  58  6:21  Supply Depot  
  58  6:23  Supply Depot  
  58  6:28  Orbital Command  
  58  6:37  Barracks  
  58  6:38  Barracks  
  58  6:40  Barracks  
  58  6:42  Barracks  
  58  6:43  SCV x2  
  60  6:47  Marine  
  60  6:48  Marine  
  60  6:49  Marine  
  63  6:55  SCV x3  
  63  6:58  Marine  
  63  7:00  Marine  
  68  7:05  Supply Depot  
  68  7:07  Supply Depot, SCV  
  69  7:09  Marine  
  69  7:10  Supply Depot, Marine  
  69  7:11  Marine  
  69  7:12  Marine  
  69  7:13  Marine x2  
  69  7:15  SCV  
  76  7:16  Marine  
  76  7:18  Marine x2  
  76  7:19  SCV  
  76  7:21  SCV  
  81  7:24  Supply Depot  
  81  7:31  Barracks  
  81  7:33  Barracks  
  81  7:35  Marine  
  81  7:36  Marine x8  
  90  7:39  Marine, SCV x2  
  90  7:41  Marine  
  90  7:42  Marine x2  
  93  7:53  Marine  
  93  7:54  Marine x5  
  93  7:55  Marine x3  
  93  7:57  Marine  
  103  7:59  Marine x2  
  103  8:00  Marine  
  103  8:02  Supply Depot x2  
  106  8:11  Marine  
  106  8:12  Marine x7  
  112  8:13  Marine  
  112  8:15  Marine  
  112  8:17  Marine x2  
  112  8:18  Marine  
  116  8:21  Barracks  
  116  8:22  Orbital Command, SCV x2  
  116  8:26  Missile Turret  
  114  8:40  Missile Turret  
  114  8:41  Missile Turret  
  114  8:43  Missile Turret  
  114  8:46  Missile Turret  
  114  8:55  Marine  
  114  8:56  Marine x8  
  123  9:08  Missile Turret  
  123  9:12  SCV  
  123  9:13  SCV x2  
  126  9:24  SCV  
  126  9:25  SCV  
  126  9:27  Command Center  
  126  9:28  Command Center  
  126  9:30  Marine x2, SCV  
  126  9:31  Marine  
  131  9:37  SCV x2  
  111  9:51  Marine x2  
  111  9:52  Marine x13  
  103  10:09  Marine x3  
  103  10:14  Marine x4  
  106  10:18  Marine  
  106  10:19  Marine x7  
  118  10:27  Marine x3  
  121  10:32  Marine x4  
  125  10:36  Marine  
  125  10:37  Marine x7  
  125  10:39  Orbital Command  
  125  10:40  Orbital Command  
  133  10:44  Marine  
  133  10:45  Marine x2  
  133  10:49  Marine  
  136  10:50  Marine x3  
  136  10:54  Marine x3  
  143  10:57  Marine x5  
  143  10:58  Missile Turret  
  143  11:02  Missile Turret x2, Marine  
  149  11:04  Missile Turret  
  149  11:07  Orbital Command  
  149  11:12  Marine x7  
  149  11:13  Marine x2  
  149  11:15  Marine x4  
  162  11:19  Marine  
  162  11:20  Marine  
  164  11:30  Marine x9  
  173  11:33  Marine x4  
  173  11:37  Marine  
  173  11:38  Marine  
  179  11:50  Marine  
  179  11:51  SCV  
  179  11:52  Marine  
  179  11:53  Marine x4  
  179  11:54  Marine x2  
  115  12:04  Marine x7  
  115  12:08  Marine  
  105  12:09  Marine  
  105  12:11  Marine x4  
  105  12:12  Marine x2  
  112  12:21  Marine  
  112  12:22  Marine x6  
  119  12:26  Marine  
  119  12:27  Marine  
  119  12:29  Marine x4  
  125  12:30  Marine x2  
  127  12:39  Marine  
  127  12:40  Marine x6  
  127  12:43  Marine  
  125  12:45  Marine  
  125  12:46  Marine x2  
  125  12:47  Marine x4  
Show
View Real Time Build Order
Export as new Build Order

rnjsgusdyd Protoss - Winner!

Build Orders: Oracle Opening 

Get SALT Encoding   

  12  0:00  Probe  
  13  0:14  Pylon  
  13  0:19  Probe  
  14  0:35  Gateway, Probe  
  15  0:43  Probe  
  16  0:53  Probe  
  16  0:58  Assimilator  
  16  1:01  Probe  
  16  1:09  Probe  
  18  1:20  Probe  
  19  1:27  Cybernetics Core  
  19  1:29  Assimilator  
  19  1:32  Pylon  
  20  1:40  Probe  
  20  1:52  Probe  
  21  2:04  Probe  
  21  2:06  Stargate  
  22  2:24  Nexus  
  22  2:29  Probe  
  23  2:31  Warp Gate  
  23  2:41  Oracle  
  23  2:45  Forge  
  26  2:59  Pylon  
  26  3:13  Oracle  
  26  3:16  Pylon  
  26  3:20  Photon Cannon  
  29  3:33  Gateway  
  29  3:53  Probe  
  29  3:54  Probe  
  31  3:58  Oracle  
  34  4:13  Gateway  
  34  4:16  Photon Cannon  
  34  4:22  Probe x2  
  33  4:36  Stalker x2  
  31  4:53  Pylon  
  31  4:56  Probe x2  
  33  5:06  Robotics Facility  
  33  5:08  Probe x2  
  35  5:20  Probe x2  
  35  5:21  Photon Cannon  
  37  5:22  Shield Battery  
  37  5:32  Probe x2  
  39  5:39  Twilight Council  
  39  5:44  Probe, Assimilator  
  37  6:05  Probe  
  37  6:06  Probe  
  37  6:08  Assimilator  
  39  6:19  Robotics Bay  
  39  6:20  Dark Shrine  
  39  6:22  Robotics Facility  
  39  6:25  Templar Archives  
  39  6:26  Observer, Probe x2  
  42  6:38  Probe x2  
  44  6:47  Observer  
  44  6:48  Pylon  
  44  6:50  Psionic Storm  
  45  6:56  Colossus  
  45  7:00  Probe x2  
  53  7:12  Probe x2  
  55  7:20  Nexus  
  55  7:23  Pylon  
  55  7:35  Dark Templar x2  
  59  7:42  Dark Templar  
  61  7:59  Colossus  
  67  8:12  Probe x2  
  69  8:13  Extended Thermal Lance  
  69  8:19  Observer  
  69  8:24  Probe x2  
  71  8:29  Observer  
  71  8:36  Probe  
  70  8:43  Nexus  
  70  8:44  Pylon  
  70  8:45  Probe x2  
  70  8:48  Probe  
  73  8:57  Probe x2, Photon Cannon  
  75  9:07  Photon Cannon  
  75  9:11  Photon Cannon  
  75  9:12  Shield Battery  
  75  9:15  Colossus  
  75  9:16  Protoss Shields Level 1  
  75  9:20  Pylon  
  75  9:23  Charge  
  75  9:27  Fleet Beacon  
  75  9:29  Probe  
  75  9:31  Probe  
  83  9:32  Protoss Air Weapons Level 1  
  83  9:34  Assimilator  
  73  10:03  Assimilator  
  73  10:04  Carrier  
  73  10:06  Photon Cannon  
  73  10:07  Colossus, Nexus  
  73  10:11  Photon Cannon  
  73  10:12  Probe x3  
  73  10:13  Photon Cannon  
  76  10:16  Shield Battery  
  76  10:17  Gravitic Boosters  
  76  10:21  Pylon  
  88  10:45  Dark Templar x3  
  88  10:47  Probe  
  88  10:48  Probe x2  
  97  10:53  Nexus  
  97  10:54  Pylon  
  97  10:59  Photon Cannon  
  97  11:01  Photon Cannon  
  97  11:03  Observer  
  97  11:06  Gateway  
  97  11:08  Gateway  
  97  11:10  Gateway  
  97  11:17  High Templar x2  
  97  11:18  High Templar  
  103  11:20  Probe x4  
  107  11:26  Observer  
  107  11:32  Probe x3  
  111  11:47  Photon Cannon  
  109  12:00  Archon  
  95  12:09  Colossus  
  107  12:16  Assimilator  
  107  12:19  Nexus  
  107  12:20  Pylon, Assimilator  
  107  12:27  Stargate  
  107  12:29  Stargate  
  107  12:33  Robotics Facility  
  107  12:36  Robotics Facility  
  107  12:48  Dark Templar  
  107  12:49  Dark Templar  
  107  12:50  Zealot x4  
  115  13:07  Nexus  
  115  13:10  Pylon  
Tags
 
Add a new tag
Caveats
  • Supply blocks, unpowered buildings, or Contaminate may cause inaccurate times.
  • Supply counts are checked every 10 seconds.